 Dungeon Crawl Stone Soup version 0.27.0-1-g7a089689b8 (webtiles) character file.

Game seed: 8768124994609853854

28675 MajorAdolf the Fighter (level 13, -13/123 HPs)
             Began as a Naga Wanderer on Aug 16, 2021.
             Was an Initiate of Gozag.
             Mangled by a three-headed hydra simulacrum (17 damage)
             ... in an ice cave.
             The game lasted 00:35:05 (23965 turns).

MajorAdolf the Fighter (Naga Wanderer)             Turns: 23965, Time: 00:35:06

Health: -13/123    AC: 26    Str: 29    XL:     13   Next: 40%
Magic:  15/15      EV:  7    Int: 12    God:    Gozag
Gold:   498        SH: 15    Dex: 11    Spells: 12/15 levels left

rFire    . . .     SeeInvis +   I - +4 war axe
rCold    . . .     Faith    .   D - +0 kite shield
rNeg     . . .     Spirit   .   b - +2 scale mail
rPois    +         Reflect  +   E - +2 helmet
rElec    .         Harm     .   k - +1 cloak
rCorr    .         Rampage  .   z - +0 pair of gloves {Str+3}
Will     +....                  A - +2 barding
Stlth    ..........             j - amulet of reflection
HPRegen  0.30/turn              h - +6 ring of strength
MPRegen  0.14/turn              (no ring)

@: gold aura, very slow
A: AC +4, large, see invisible, deformed body, poison resistance, slowness 2,
spit poison 1, naga tail 2
a: Spit Poison, Renounce Religion, Potion Petition, Call Merchant, Bribe Branch


You were in an ice cave.
You worshipped Gozag.
Gozag was aware of your devotion.
You visited 2 branches of the dungeon, and saw 15 of its levels.
You also visited: Ice Cave.

You collected 2321 gold pieces.
You spent 967 gold pieces at shops.
You paid 856 gold pieces to Gozag.

Inventory:

Hand Weapons
 a - the +5 spear "Hedap" {vorpal, rC+ Dex+4}
   (You found it on level 7 of the Dungeon)

   It inflicts extra damage upon your enemies.
   Dex:       It affects your dexterity (+4).
   rC:        It protects you from cold.
 q - a +1 hand axe of freezing
 y - a +2 whip of electrocution
 I - a +4 war axe (weapon)
Missiles
 w - 7 throwing nets
Armour
 b - a +2 scale mail (worn)
 k - a +1 cloak (worn)
 z - a +0 pair of gloves of strength (worn)
 A - a +2 barding (worn)
 D - a +0 kite shield (worn)
 E - a +2 helmet (worn)
Jewellery
 h - a +6 ring of strength (left hand)
 j - an amulet of reflection (around neck)
 s - an amulet of magic regeneration
 F - a ring of positive energy
Wands
 n - a wand of flame (21)
 r - a wand of charming (5)
 u - a wand of iceblast (3)
Scrolls
 g - 3 scrolls of immolation
 i - a scroll of fear
 l - 2 scrolls of brand weapon
 m - 2 scrolls of identify
 o - a scroll of torment
 t - a scroll of noise
 G - a scroll of teleportation
 H - a scroll of amnesia
Potions
 c - a potion of attraction
 d - 3 potions of lignification
 e - 4 potions of heal wounds
 f - 2 potions of brilliance
 p - 4 potions of curing
 v - 2 potions of cancellation {unknown}
 x - 3 potions of magic
 B - a potion of flight {unknown}
 C - a potion of mutation {unknown}
 J - a potion of experience {unknown}
 K - a potion of degeneration {unknown}


   Skills:
 + Level 9.9 Fighting
 + Level 9.6 Axes
 + Level 8.8 Armour
 + Level 8.5 Dodging
 - Level 1.5 Stealth
 + Level 4.4 Shields
 + Level 1.8 Spellcasting
 - Level 2.0 Translocations
 + Level 1.5 Transmutations
 + Level 1.6 Fire Magic
 + Level 3.6 Poison Magic
 + Level 9.0 Evocations


You had 12 spell levels left.
You knew the following spells:

 Your Spells              Type           Power      Damage    Failure   Level
a - Ignite Poison         Fire/Tmut/Pois 6%         N/A       86%         3

Your spell library contained the following spells:

 Spells                   Type           Power      Damage    Failure   Level
 Apportation              Tloc           10%        N/A       54%         1
 Beastly Appendage        Tmut           8%         N/A       58%         1
 Blink                    Tloc           N/A        N/A       67%         2
 Foxfire                  Conj/Fire      12%        2x1d4     71%         1
 Wereblood                Tmut           4%         N/A       75%         2
 Animate Skeleton         Necr           2%         N/A       82%         1
 Pain                     Necr           4%         1d4       82%         1
 Spider Form              Tmut/Pois      3%         N/A       83%         3
 Lesser Beckoning         Tloc           2%         N/A       88%         3
 Sublimation of Blood     Necr           0%         N/A       91%         2
 Portal Projectile        Hex/Tloc       6%         N/A       96%         3
 Conjure Flame            Conj/Fire      3%         6-21      97%         3
 Call Canine Familiar     Summ           1%         N/A       99%         3
 Stone Arrow              Conj/Erth      2%         3d7       99%         3
 Vampiric Draining        Necr           0%         2d6       99%         3
 Leda's Liquefaction      Hex/Erth       0%         N/A       100%        4
 Petrify                  Tmut/Erth      2%         N/A       100%        4
 Sticky Flame             Conj/Fire      3%         2d3       100%        4
 Bolt of Magma            Conj/Fire/Erth 1%         4d4       100%        5
 Irradiate                Conj/Tmut      1%         3d14      100%        5
 Manifold Assault         Tloc           5%         N/A       100%        5
 Shatter                  Erth           0%         3d5*      100%        9


Dungeon Overview and Level Annotations

Branches:
Dungeon (15/15)            Temple (1/1) D:5            Lair (0/6) D:11
 Depths (0/5) D:15          IceCv (1/1)
    Orc: D:9-12      Vaults: D:13-14

Altars:
Ashenzari
Cheibriados
Dithmenos
Elyvilon
Fedhas
Gozag
Hepliaklqana
Kikubaaqudgha
Makhleb
Nemelex Xobeh
Okawaru
Qazlal
Ru
Sif Muna
Trog
Uskayaw
Vehumet
Wu Jian
Xom
Yredelemnul
Zin
The Shining One

Shops:
D:1 *   D:3 *   D:4 (   D:10 *   D:15 [

Portals:
Trove: D:15 (give horn of Geryon)

Annotations:
D:2 1 runed translucent door, Crazy Yiuf
D:15 3 runed translucent doors, Qishud's ghost, adept GrEE IceCv 2 transporters, exclusion: orange crystal statue


Innate Abilities, Weirdness & Mutations

Your serpentine skin is tough. (AC +4)
You have supernaturally acute eyesight. (SInv)
Armour fits poorly on your strangely shaped body.
Your system is resistant to poisons. (rPois)
You cover ground very slowly.
You can spit poison.
You can use your snake-like lower body to constrict enemies.


Message History

Found an ice covered gate leading back out of this place.
Found a transporter.
There is a transporter landing site here.
The anaconda simulacrum barely misses you.
The anaconda simulacrum bites you but does no damage.
You block the anaconda simulacrum's attack.
The anaconda simulacrum bites you! The anaconda simulacrum freezes you!!
There is a transporter, spattered with blood here.
Unknown command.
You slice the anaconda simulacrum!!
Your grab misses the anaconda simulacrum.
The anaconda simulacrum is heavily damaged.
You slash the harpy simulacrum!
You block the harpy simulacrum's attack. x2
The anaconda simulacrum constricts you but does no damage.
The anaconda simulacrum bites you! The anaconda simulacrum freezes you!!
The harpy simulacrum claws you but does no damage. x2
You slice the anaconda simulacrum!!
The anaconda simulacrum vaporises!
You barely miss the harpy simulacrum.
The harpy simulacrum claws you but does no damage.
You block the harpy simulacrum's attack.
The harpy simulacrum claws you but does no damage.
The harpy simulacrum closely misses you.
You block the harpy simulacrum's attack.
The harpy simulacrum claws you. The harpy simulacrum freezes you!!
The orange crystal statue glitters topaz in the dim dungeon light.
You slice one of the four-headed hydra simulacrum's heads off!
You slice the three-headed hydra simulacrum!!
The three-headed hydra simulacrum is heavily damaged.
You slash the harpy simulacrum!
The harpy simulacrum vaporises!
The three-headed hydra simulacrum bites you!
The three-headed hydra simulacrum freezes you!!
* * * LOW HITPOINT WARNING * * *
The three-headed hydra simulacrum bites you.
* * * LOW HITPOINT WARNING * * *
The three-headed hydra simulacrum freezes you!
You die...
Your body crumbles into a pile of gold.

###############
#∩...$$8)[...©#
#.....(=).....#
#8.........8#
#8.......8#
#8.WuW.8#
###########
##...8@8...##
#...$.Z☼(...#
##....?($....##
#.....ZuZ.....#
#....8..Z8....#
#.............#
##...Z.......##
#...Z.......#
#.....∩.....#


You could see 2 very ugly things, an orange crystal statue, 2 freezing wraiths,
an anaconda simulacrum, 2 alligator simulacra, a three-headed hydra simulacrum
and 2 lindwurm simulacra.

Vanquished Creatures
  A fenstrider witch (shapeshifter) (D:15)
  A stone giant (D:15)
  Harold (D:8)
  6 two-headed ogres
  An ogre mage (D:15)
  A deep troll (D:15)
  A wizard (D:15)
  An orc knight (D:15)
  An orc sorcerer (D:15)
  3 deep elf pyromancers
  8 ugly things (D:15)
  A cyclops (D:8)
  Joseph (D:8)
  Maggie (D:9)
  A gargoyle (D:11)
  Psyche (D:7)
  3 kobold demonologists
  A tengu conjurer (D:15)
  An anaconda simulacrum (IceCv)
  3 trolls
  Grinder (D:6)
  A polar bear (D:9)
  Prince Ribbit (D:9)
  7 slime creatures
  A meliai zombie (D:10)
  A vampire (D:11)
  Eustachio (D:5)
  2 water elementals (D:15)
  A wyvern (D:10)
  7 yaks
  A wraith (D:9)
  2 basilisks (D:15)
  Grum (D:9)
  2 vampire mosquitoes (D:10)
  A steam dragon (D:8)
  Edmund (D:4)
  A harpy simulacrum (IceCv)
  2 water moccasins
  Duvessa (D:7)
  2 orc warriors
  Purgy (D:3)
  A sky beast (D:7)
  A necrophage (D:7)
  4 ice beasts
  9 centaurs
  9 ogres
  4 wolves
  2 lemures (D:5)
  2 kobold brigands
  A gnoll sergeant (D:10)
  2 bullfrogs
  A wyvern zombie (D:8)
  A scorpion (D:7)
  Dowan (D:6)
  6 killer bees (D:8)
  12 wights
  4 electric eels
  2 howler monkeys
  2 centaur zombies
  A jelly (D:6)
  A gnoll shaman (D:4)
  7 orc priests
  3 hounds
  A bullfrog skeleton (D:7)
  Jessica (D:1)
  Terence (D:3)
  3 iguanas
  15 orc wizards
  3 centaur simulacra
  4 howler monkey zombies
  16 gnolls
  6 adders
  A shadow imp (D:5)
  2 white imps
  4 ufetubi
  An adder skeleton (D:4)
  3 worms
  2 dart slugs (D:3)
  45 orcs
  12 endoplasms
  4 giant cockroaches
  8 hobgoblins
  4 jackals (D:2)
  2 quokkas
  7 ball pythons
  6 bats
  2 frilled lizards
  8 goblins
  19 kobolds
  2 rats
334 creatures vanquished.

Vanquished Creatures (collateral kills)
  Pikel (D:5)
1 creature vanquished.

Vanquished Creatures (others)
  Maurice (D:8)
  A kobold brigand (D:10)
  A kobold (D:11)
  A plant (D:5)
4 creatures vanquished.

Grand Total: 339 creatures vanquished

Notes
Turn   | Place    | Note
-------+----------+-------------------------------------------
     0 | D:1      | MajorAdolf the Naga Wanderer began the quest for the Orb.
     0 | D:1      | MajorAdolf set off with the following items: a +0 club, a
                  | +2 scale mail; and the following spells available to
                  | memorise: Apportation, Foxfire, Lesser Beckoning, Ignite
                  | Poison
     0 | D:1      | Reached XP level 1. HP: 15/15 MP: 2/2
   200 | D:1      | Reached XP level 2. HP: 21/24 MP: 3/3
   709 | D:1      | Reached skill level 1 in Fighting
   974 | D:1      | Found Simm's Assorted Antiques.
  1005 | D:1      | Reached skill level 1 in Dodging
  1027 | D:1      | Reached XP level 3. HP: 26/31 MP: 1/4
  1125 | D:1      | Found a faded altar of an unknown god.
  1254 | D:2      | Noticed Jessica
  1263 | D:1      | Killed Jessica
  1487 | D:2      | Reached XP level 4. HP: 33/39 MP: 1/5
  1777 | D:2      | Found a runed translucent door.
  1778 | D:2      | Noticed Crazy Yiuf
  2234 | D:2      | Reached XP level 5. HP: 36/45 MP: 2/6
  2862 | D:3      | Noticed Terence
  2871 | D:3      | Killed Terence
  2981 | D:3      | Noticed an ogre
  2993 | D:3      | Killed an ogre
  2994 | D:3      | Reached skill level 1 in Axes
  2994 | D:3      | Reached XP level 6. HP: 13/56 MP: 7/7
  3595 | D:3      | Noticed Purgy
  3610 | D:3      | Killed Purgy
  3740 | D:3      | Found Ityung's General Store.
  4555 | D:4      | Reached XP level 7. HP: 48/62 MP: 8/8
  5313 | D:4      | Found Orpharche's Weapon Shop.
  5475 | D:5      | Entered Level 5 of the Dungeon
  5488 | D:5      | Noticed Edmund
  5521 | D:4      | Killed Edmund
  5522 | D:4      | Reached skill level 1 in Evocations
  5979 | D:5      | Reached XP level 8. HP: 65/72 MP: 9/9
  6201 | D:5      | Noticed Eustachio
  6323 | D:5      | Killed Eustachio
  6465 | D:5      | Found a blossoming altar of Fedhas.
  6981 | D:5      | Found a staircase to the Ecumenical Temple.
  6988 | D:5      | Found a glowing silver altar of Zin.
  7017 | D:5      | Reached skill level 5 in Fighting
  7017 | D:5      | Reached skill level 5 in Armour
  7248 | Temple   | Entered the Ecumenical Temple
  7490 | Temple   | Became a worshipper of Gozag Ym Sagoz the Greedy
  7596 | D:5      | Found an iron altar of Okawaru.
  7727 | D:5      | Noticed Pikel
  7779 | D:5      | Killed Pikel
  7780 | D:5      | Reached XP level 9. HP: 59/81 MP: 10/10
  8840 | D:6      | Identified the +9 quarterstaff of the Ten Eyes {drain, rC+}
  8950 | D:6      | Noticed Grinder
  8952 | D:6      | Paralysed by Grinder for 4 turns
  8965 | D:6      | Reached skill level 5 in Axes
  8977 | D:6      | Killed Grinder
  9097 | D:6      | Found a sacrificial altar of Ru.
  9562 | D:7      | Reached skill level 5 in Dodging
 10056 | D:7      | Reached XP level 10. HP: 64/92 MP: 11/11
 10327 | D:6      | Reached skill level 5 in Evocations
 11032 | D:7      | Noticed Duvessa
 11032 | D:7      | Noticed Dowan
 11039 | D:7      | Killed Duvessa
 11286 | D:6      | Killed Dowan
 11636 | D:7      | Identified the +5 spear "Hedap" {vorpal, rC+ Dex+4}
 11665 | D:8      | Noticed Harold
 11856 | D:8      | Noticed Psyche
 11856 | D:8      | Paralysed by Psyche for 2 turns
 11871 | D:7      | Killed Psyche
 12378 | D:8      | Killed Harold
 12683 | D:8      | Noticed a two-headed ogre
 12696 | D:8      | Killed a two-headed ogre
 13036 | D:8      | Reached XP level 11. HP: 96/100 MP: 12/12
 13185 | D:8      | Noticed a deep elf pyromancer
 13203 | D:8      | Killed a deep elf pyromancer
 13351 | D:1      | Bought 2 pink potions for 32 gold pieces
 13351 | D:1      | Bought a metallic inky potion for 16 gold pieces
 13351 | D:1      | Bought a metallic inky potion for 16 gold pieces
 13351 | D:1      | Bought a murky dark potion for 16 gold pieces
 13351 | D:1      | Bought a purple potion for 16 gold pieces
 13351 | D:1      | Bought a scroll labelled ILOREN BERO for 18 gold pieces
 13355 | D:1      | Bought a scroll of identify for 36 gold pieces
 13355 | D:1      | Bought a potion of heal wounds for 90 gold pieces
 13355 | D:1      | Bought a masterwork scale mail for 162 gold pieces
 13355 | D:1      | Identified the +3 scale mail of Vehumet's Wrath {Harm Str-3
                  | Dex+2} (You bought it in a shop on level 1 of the Dungeon)
 13428 | D:3      | Bought a scroll of fear for 49 gold pieces
 13428 | D:3      | Bought a potion of berserk rage for 70 gold pieces
 13534 | D:8      | Noticed Prince Ribbit
 13553 | D:8      | Noticed a cyclops
 13573 | D:8      | Killed a cyclops
 13966 | D:8      | Noticed Joseph
 13986 | D:8      | Killed Joseph
 14095 | D:8      | Noticed Maurice
 14106 | D:8      | Killed Maurice
 14976 | D:9      | Noticed Grum
 14994 | D:10     | Entered Level 10 of the Dungeon
 15491 | D:10     | Found Viuherch's General Store.
 15499 | D:10     | Bought a scroll of brand weapon for 320 gold pieces
 15528 | D:10     | Noticed a two-headed ogre
 15538 | D:10     | Killed a two-headed ogre
 16188 | D:11     | Noticed a sixfirhy
 16475 | D:11     | Noticed a sixfirhy
 17020 | D:11     | Noticed a two-headed ogre
 17044 | D:10     | Killed a two-headed ogre
 17413 | D:11     | Found a staircase to the Lair.
 18097 | D:11     | Reached XP level 12. HP: 79/112 MP: 13/13
 18648 | D:9      | Killed Grum
 18740 | D:9      | Killed Prince Ribbit
 19654 | D:9      | Noticed Maggie
 19669 | D:9      | Killed Maggie
 19947 | D:12     | You fall into a shaft and drop 3 floors!
 19947 | D:15     | Entered Level 15 of the Dungeon
 19955 | D:15     | Noticed a stone giant
 21243 | D:15     | Bought a +0 pair of gloves of strength for 126 gold pieces
 21739 | D:15     | Found a portal to a secret trove of treasure.
 21740 | D:15     | Noticed an ogre mage
 21741 | D:15     | Noticed a two-headed ogre
 21741 | D:15     | Noticed a two-headed ogre
 21754 | D:15     | Killed an ogre mage
 21763 | D:15     | Killed a two-headed ogre
 21776 | D:15     | Killed a two-headed ogre
 21777 | D:15     | Gained mutation: You can use your snake-like lower body to
                  | constrict enemies. [Naga growth]
 21777 | D:15     | Reached XP level 13. HP: 28/121 MP: 14/14
 22097 | D:15     | Killed a stone giant
 22146 | D:15     | Found a runed translucent gate.
 22147 | D:15     | Found a runed translucent gate.
 22243 | D:15     | Found a runed translucent gate.
 22245 | D:15     | Noticed Qishud's ghost (adept GrEE)
 22303 | D:15     | Found a staircase to the Depths.
 22313 | D:15     | Learned a level 3 spell: Ignite Poison
 22502 | D:15     | Noticed a fenstrider witch
 22529 | D:15     | Killed a fenstrider witch
 22988 | D:15     | Reached skill level 1 in Transmutations
 22988 | D:15     | Reached skill level 1 in Fire Magic
 23885 | D:14     | Found a white marble altar of Elyvilon.
 23948 | D:14     | Found a frozen archway.
 23956 | IceCv    | Entered an ice cave
 23956 | IceCv    | Noticed a white very ugly thing
 23960 | IceCv    | Found a transporter.
 23960 | IceCv    | Noticed a white very ugly thing
 23961 | IceCv    | Found a transporter.
 23962 | IceCv    | Found the +8 frozen axe "Frostbite" {freezing cloud, *Noise
                  | Fly rC+}
 23965 | IceCv    | HP: 4/123 [three-headed hydra simulacrum (5)]
 23965 | IceCv    | Mangled by a three-headed hydra simulacrum

Illustrated notes

Levels and vault maps discovered:
D:1:      lemuel_arrival_lava_pool, layout_rooms, serial_shops, shop,
          hellmonk_ecumenical_altar_leap_of_faith, corexii_leaking_fountain,
          corexii_hall_statues_x
D:2:      layout_rooms, uniq_crazy_yiuf_cottage, uniq_jessica
D:3:      layout_rooms, serial_shops, nicolae_square_shop, uniq_purgy,
          uniq_terence
D:4:      layout_basic, serial_shops, shop
D:5:      layout_rooms, fedhas_ov_isle_minmay, mainiacjoe_overflow_divided_tiny,
          temple_statues, uniq_eustachio, uniq_pikel, uniq_edmund
D:6:      layout_basic, mainiacjoe_overflow_concentric_impassable, uniq_grinder
D:7:      layout_gridville, feat_on_display, uniq_duvessa
D:8:      layout_loops_cross, uniq_harold, uniq_prince_ribbit1, uniq_joseph,
          uniq_psyche, uniq_maurice
D:9:      layout_irregular_city, serial_ice, serial_ice_n, serial_ice_d,
          serial_ice_m, serial_ice_e, serial_ice_h, serial_ice_f, serial_ice_l,
          grunt_tough_drop, uniq_maggie, uniq_grum
D:10:     layout_rooms, serial_shops, nicolae_shop_statue_plus
D:11:     layout_irregular_city
D:12:     layout_basic, orc_0_dummy
D:14:     layout_loops_ring, elyvilon_altar_4,
          portal_ice_cave_entry_pillars_four, grunt_ogre_cave, uniq_nessos,
          uniq_azrael
D:15:     hangedman_depths_entry_civil_slaughter, layout_basic, enter_trove_2,
          gammafunk_ghost_spectres
Temple:   dpeg_five_rooms_temple
IceCv:    ice_cave_statue_garden_transporter

Skill      XL: |  1  2  3  4  5  6  7  8  9 10 11 12 13 |
---------------+----------------------------------------+-----
Fighting       | 1 2 3 4 5 6 7 8 9 |  9.9
Dodging        | 1 2 3 4 5 6 7 8 |  8.5
Armour         | 3 4 5 6 7 8 |  8.8
Axes           | 1 2 3 4 5 7 8 9 |  9.6
Evocations     | 1 3 4 6 7 8 9 |  9.0
Shields        | 3 4 |  4.4
Poison Magic   | 3 |  3.6
Transmutations | 1 |  1.5
Fire Magic     | 1 |  1.6
Stealth        | |  1.5
Spellcasting   | |  1.8
Translocations | |  2.0

Action                   |  1- 3 |  4- 6 |  7- 9 | 10-12 | 13-15 || total
-------------------------+-------+-------+-------+-------+-------++-------
Melee: Spear             |    43 |       |       |       |       ||    43
       Club              |     1 |       |       |       |       ||     1
       Short sword       |    35 |    69 |       |       |       ||   104
       Mace              |       |    23 |       |       |       ||    23
       Hand axe          |       |    96 |   287 |       |       ||   383
       Whip              |       |       |   152 |   635 |       ||   787
       War axe           |       |       |       |   208 |    92 ||   300
       Constrict         |       |       |       |       |    15 ||    15
Invok: Call Merchant     |       |       |       |     1 |       ||     1
 Abil: Spit Poison       |    16 |    20 |    25 |    15 |     1 ||    77
Evoke: Wand              |       |     4 |       |     7 |     1 ||    12
  Use: Scroll            |       |     6 |     1 |    13 |     1 ||    21
       Potion            |       |       |     1 |     2 |     2 ||     5
 Stab: Invisible         |       |       |       |     1 |       ||     1
       Distracted        |       |       |       |     2 |       ||     2
Armor: Scale mail        |    35 |   145 |   317 |   685 |    40 ||  1222
Dodge: Dodged            |    22 |    99 |   213 |   274 |    16 ||   624
Block: Kite shield       |       |       |       |   394 |    72 ||   466
       Other             |       |       |       |    66 |       ||    66
       Reflection        |       |       |       |    16 |       ||    16
